Map: Dusk Towers

Players

Mix - Winner!

  • Race: Zerg Zerg
  • League: Grandmaster

Miszu

  • Race: Terran Terran
  • League: Master

VOD

Have the link to the VOD?

Description

Time

  • Played on: April 29, 2016, 12:26 p.m.
  • Length: 12:03
Show
View Real Time Build Order
Export as new Build Order

Mix Zerg - Winner!

Build Orders: Hatch First 

Get SALT Encoding   

  12  0:00  Drone  
  13  0:12  Overlord  
  13  0:17  Drone  
  14  0:30  Drone x2  
  14  0:35  Drone  
  17  0:51  Hatchery  
  17  0:54  Drone  
  17  0:57  Drone  
  18  1:08  Extractor  
  17  1:13  Spawning Pool  
  17  1:15  Drone  
  17  1:18  Drone  
  18  1:28  Drone  
  19  1:39  Overlord  
  19  2:00  Zergling x2, Queen  
  19  2:01  Zergling x2  
  23  2:02  Queen  
  23  2:04  Drone  
  23  2:07  Metabolic Boost  
  26  2:11  Drone  
  26  2:15  Drone  
  28  2:22  Drone  
  29  2:32  Overlord, Drone  
  29  2:37  Drone  
  31  2:43  Queen  
  33  2:44  Drone  
  33  2:46  Pneumatized Carapace  
  34  2:51  Drone  
  34  2:56  Drone x2  
  37  3:07  Drone  
  37  3:08  Drone  
  39  3:13  Drone x2  
  39  3:15  Hatchery  
  40  3:20  Drone  
  40  3:21  Drone  
  42  3:27  Overlord  
  42  3:29  Drone x2  
  44  3:39  Lair  
  44  3:44  Queen  
  44  3:45  Drone x2  
  44  3:46  Extractor  
  44  3:47  Extractor, Drone  
  44  3:48  Extractor  
  46  3:50  Drone  
  46  3:53  Drone x2  
  49  3:55  Drone  
  49  3:57  Drone  
  49  4:02  Drone  
  51  4:07  Drone, Evolution Chamber  
  51  4:09  Evolution Chamber  
  50  4:11  Overlord  
  50  4:13  Drone  
  51  4:26  Overlord  
  51  4:27  Baneling Nest  
  51  4:28  Drone  
  51  4:29  Drone x3  
  51  4:30  Drone x3  
  57  4:36  Zerg Melee Weapons Level 1  
  57  4:39  Zerg Ground Armor Level 1  
  57  4:40  Drone  
  57  4:44  Drone x2  
  60  4:49  Overlord  
  60  4:50  Drone  
  61  4:54  Overlord  
  61  4:55  Drone x2  
  61  4:57  Drone  
  61  4:59  Drone  
  65  5:00  Drone  
  66  5:08  Drone  
  66  5:09  Drone x2  
  66  5:11  Spire  
  68  5:17  Overlord, Drone  
  68  5:18  Drone  
  68  5:19  Drone x2  
  72  5:22  Extractor, Queen  
  72  5:24  Centrifical Hooks  
  72  5:27  Drone  
  74  5:29  Extractor, Zergling x2  
  74  5:30  Zergling x2  
  74  5:31  Drone  
  74  5:33  Drone x2  
  78  5:40  Drone x2  
  78  5:42  Drone  
  81  5:43  Drone x2  
  81  5:48  Zergling x2  
  84  5:53  Hatchery  
  84  5:56  Overlord  
  83  5:57  Overlord  
  83  5:59  Zergling x8  
  87  6:07  Spore Crawler  
  87  6:08  Drone  
  87  6:10  Zergling x10  
  92  6:12  Spore Crawler  
  92  6:17  Zergling x2, Spore Crawler  
  91  6:21  Overlord  
  91  6:23  Zerg Flyer Weapons Level 1  
  91  6:24  Zergling x2  
  92  6:27  Baneling x4  
  92  6:28  Baneling x2  
  92  6:29  Zergling x2  
  92  6:30  Zergling x2  
  92  6:31  Zergling x6  
  92  6:32  Zergling x8  
  101  6:36  Zergling x6  
  104  6:40  Zerg Ground Armor Level 2, Zerg Melee Weapons Level 2  
  104  6:44  Baneling  
  104  6:46  Baneling x2  
  104  6:47  Infestation Pit  
  101  6:58  Drone  
  101  6:59  Drone x6  
  108  7:12  Drone x3  
  108  7:13  Overlord x2, Drone x6  
  117  7:21  Corruptor x3  
  123  7:28  Corruptor x2  
  127  7:32  Corruptor  
  127  7:33  Corruptor  
  127  7:35  Overlord x2  
  131  7:40  Hive  
  131  7:42  Drone  
  131  7:43  Extractor, Drone x4  
  135  7:49  Overlord  
  135  7:54  Zergling x16  
  135  7:56  Baneling x12  
  135  7:57  Zergling x2  
  144  8:00  Zergling x2  
  144  8:01  Zergling x2  
  146  8:06  Hatchery  
  146  8:09  Zergling x6  
  146  8:10  Zergling x6  
  146  8:12  Zergling x6  
  154  8:17  Zergling x8  
  158  8:26  Corruptor  
  159  8:30  Zergling x2  
  159  8:32  Overlord x4  
  156  8:45  Zergling x12  
  160  8:54  Zerg Flyer Weapons Level 2  
  160  8:56  Ultralisk Cavern  
  160  8:57  Extractor  
  160  8:58  Spine Crawler  
  160  8:59  Zerg Melee Weapons Level 3, Adrenal Glands, Zerg Ground Armor Level 3, Spore Crawler  
  156  9:07  Zergling x4  
  156  9:08  Zergling x18  
  165  9:13  Zergling x4, Hatchery  
  166  9:17  Baneling  
  166  9:18  Baneling x12  
  165  9:31  Zergling x26  
  151  9:33  Baneling x5  
  151  9:38  Zergling x2  
  156  9:46  Queen  
  145  9:56  Zergling x2  
  145  9:57  Zergling x32  
  140  10:02  Overseer  
  140  10:03  Overseer  
  140  10:06  Chitinous Plating  
  140  10:09  Infestor x2  
  140  10:10  Infestor  
  140  10:12  Ultralisk  
  140  10:13  Ultralisk  
  158  10:27  Zergling x2  
  158  10:28  Zergling x10  
  159  10:29  Baneling  
  159  10:30  Baneling x6  
  159  10:31  Baneling x7  
  159  10:34  Zergling x2  
  159  10:35  Zergling x14  
  167  10:44  Zergling x8  
  167  10:48  Baneling x7  
  167  10:49  Zergling x2, Baneling x2  
  172  10:50  Zergling x4  
  154  11:06  Zergling x10, Ultralisk x3  
  154  11:07  Zergling x2  
  178  11:20  Baneling  
  178  11:21  Zergling x10, Baneling x6  
  178  11:22  Zergling x16  
  191  11:29  Zergling x8  
  191  11:32  Baneling x8  
  195  11:39  Zergling x10  
Show
View Real Time Build Order
Export as new Build Order

Miszu Terran 

Build Orders: Reaper Expand, MMM Bio 

Get SALT Encoding   

  12  0:00  SCV  
  13  0:13  SCV  
  14  0:17  Supply Depot  
  14  0:25  SCV  
  15  0:43  Barracks  
  15  0:45  Refinery  
  15  0:46  SCV  
  16  0:58  SCV  
  17  1:11  SCV  
  18  1:30  Reaper, Orbital Command  
  19  1:38  Command Center  
  19  1:50  Supply Depot  
  19  1:55  SCV  
  20  2:02  Marine  
  20  2:07  SCV  
  22  2:14  Factory  
  22  2:20  SCV  
  23  2:27  Barracks Reactor  
  23  2:32  SCV  
  24  2:44  SCV  
  24  2:46  Command Center  
  25  2:51  Orbital Command  
  25  2:56  SCV  
  26  3:09  SCV  
  26  3:11  Barracks  
  27  3:13  Barracks Tech Lab  
  27  3:18  Hellion x2, SCV  
  32  3:21  SCV  
  33  3:30  SCV  
  33  3:33  SCV  
  34  3:34  Marine  
  34  3:35  Stimpack  
  35  3:42  SCV  
  35  3:45  SCV  
  37  3:52  Factory Reactor  
  37  3:54  Refinery, SCV  
  38  3:57  SCV  
  38  3:58  Orbital Command  
  38  4:00  Barracks  
  39  4:06  SCV  
  39  4:09  SCV  
  41  4:12  Engineering Bay, Marine x2  
  41  4:13  Engineering Bay  
  41  4:14  Marine  
  44  4:19  Refinery, SCV  
  44  4:20  Refinery  
  44  4:21  SCV  
  46  4:30  Marine x2, Orbital Command  
  46  4:31  SCV  
  49  4:32  Marine  
  49  4:33  SCV  
  49  4:38  Factory Reactor  
  51  4:39  Supply Depot  
  51  4:42  Terran Infantry Weapons Level 1, Terran Infantry Armor Level 1  
  51  4:43  SCV  
  52  4:45  SCV  
  52  4:51  Starport  
  53  4:54  Marine x2  
  53  4:55  SCV  
  53  4:57  SCV  
  57  5:00  Marine x3, SCV  
  57  5:04  Supply Depot  
  61  5:07  SCV  
  61  5:10  SCV  
  61  5:12  SCV  
  64  5:19  SCV  
  64  5:21  Supply Depot  
  65  5:22  SCV  
  65  5:24  SCV  
  67  5:29  Marine  
  67  5:30  Supply Depot, Factory Reactor  
  67  5:31  SCV  
  67  5:34  SCV  
  67  5:35  Marine, Barracks  
  71  5:36  Barracks, SCV  
  71  5:38  Combat Shields  
  71  5:39  Medivac x2  
  76  5:45  SCV  
  76  5:49  SCV  
  78  5:50  Supply Depot, SCV  
  78  5:53  Supply Depot  
  78  5:54  Marine x2  
  81  5:57  SCV  
  81  5:59  Armory  
  81  6:01  Marine, SCV  
  81  6:02  Marine, SCV  
  86  6:09  SCV  
  87  6:13  SCV  
  87  6:14  Supply Depot, SCV  
  87  6:16  Supply Depot  
  89  6:20  Refinery  
  89  6:22  SCV  
  89  6:24  Barracks Reactor x2  
  89  6:25  Medivac x2, SCV  
  94  6:26  Marine x2, Marauder, SCV  
  94  6:27  Marine  
  101  6:38  Supply Depot, Marine  
  101  6:39  Supply Depot  
  102  6:43  Barracks  
  102  6:44  Marine  
  102  6:45  Barracks  
  102  6:46  Barracks  
  98  6:54  Marine  
  98  6:55  Marauder, Widow Mine x2  
  98  6:56  Medivac x2  
  109  7:04  Marine  
  109  7:06  Marine x5  
  115  7:13  Marine  
  115  7:14  Marine  
  117  7:16  Marauder  
  117  7:17  Supply Depot  
  117  7:18  Terran Infantry Armor Level 2, Terran Infantry Weapons Level 2  
  117  7:22  Missile Turret  
  119  7:23  Missile Turret  
  119  7:26  Widow Mine x2  
  119  7:28  Medivac  
  125  7:35  Barracks Tech Lab x2  
  125  7:36  Barracks Tech Lab  
  125  7:38  Marauder  
  125  7:41  Marine  
  125  7:42  Marine x3  
  125  7:43  Marine  
  132  7:49  Supply Depot  
  132  7:52  Supply Depot x2  
  132  7:59  Marine, Marauder x2  
  132  8:00  Marauder, Widow Mine  
  132  8:01  Medivac x2  
  132  8:04  Marine, Marauder  
  148  8:09  Marine  
  148  8:10  Marine  
  148  8:11  Widow Mine  
  152  8:20  Marauder  
  152  8:21  Supply Depot, Marauder  
  152  8:22  Supply Depot, Marauder  
  152  8:24  Supply Depot  
  152  8:26  Marauder  
  159  8:31  Marine  
  149  8:42  Marauder x2  
  149  8:43  Command Center  
  146  8:52  Widow Mine x2  
  149  8:57  Marine  
  149  8:58  Marine x7, Marauder x2  
  149  8:59  Medivac x2  
  165  9:10  Marine, Marauder  
  165  9:14  Supply Depot  
  168  9:17  Factory  
  168  9:19  Marauder x2  
  168  9:20  Widow Mine  
  143  9:31  Marine  
  143  9:32  Marine x7, Hellion  
  143  9:33  Medivac x2  
  143  9:36  Marine  
  143  9:37  Marine  
  159  9:40  Marine  
  160  9:46  Concussive Shells  
  160  9:49  Widow Mine  
  146  9:53  Widow Mine  
  146  9:56  Marauder  
  119  10:00  Marine  
  119  10:01  Marine x10  
  119  10:03  Factory Tech Lab  
  119  10:05  Planetary Fortress  
  126  10:17  Widow Mine  
  126  10:19  Medivac x2, Marauder x2  
  136  10:21  Widow Mine  
  138  10:29  Widow Mine  
  138  10:32  Marauder  
  138  10:33  Marauder  
  144  10:40  Marauder  
  144  10:41  Marauder  
  148  10:45  Refinery  
  148  10:46  Widow Mine  
  148  10:47  Refinery  
  148  10:49  Starport, Liberator  
  150  10:50  Liberator, Widow Mine  
  137  11:06  Marauder x4  
  151  11:14  Widow Mine  
  153  11:18  Widow Mine  
  153  11:25  Command Center  
  155  11:27  Marauder  
  157  11:38  Marauder  
  139  11:41  Marauder  
  139  11:42  Marauder  
Tags
 
Add a new tag
Caveats
  • Supply blocks, unpowered buildings, or Contaminate may cause inaccurate times.
  • Supply counts are checked every 10 seconds.